 Dungeon Crawl Stone Soup version 0.24.0-13-gcf9b3192b9 (webtiles) character file.

Game seed: 12347251759317675499, levelgen mode: deterministic

4718 Curus the Carver (level 10, -1/86 HPs)
             Began as a Minotaur Gladiator on Nov 5, 2019.
             Was a Believer of Okawaru.
             Slain by a komodo dragon (11 damage)
             ... on level 1 of the Lair of Beasts.
             The game lasted 00:29:58 (6429 turns).

Curus the Carver (Minotaur Gladiator)               Turns: 6429, Time: 00:29:58

Health: -1/86      AC: 28    Str: 18    XL:     10   Next: 22%
Magic:  10/10      EV: 14    Int:  7    God:    Okawaru [**....]
Gold:   467        SH:  6    Dex: 14    Spells: 9/9 levels left

rFire    . . .     SeeInvis +   a - +0 long sword
rCold    . . .     Gourm    .   m - +0 buckler
rNeg     . . .     Faith    .   t - +4 plate armour {MR+}
rPois    .         Spirit   .   c - +0 hat
rElec    .         Reflect  .   u - +1 cloak
rCorr    .         Harm     .   w - +1 pair of gloves
MR       +....                  g - +2 pair of boots
Stlth    ..........             r - amulet of magic regeneration
HPRegen  0.24/turn              i - +3 ring of evasion
MPRegen  0.37/turn              p - ring of see invisible

@: heroism
A: retaliatory headbutt, horns 2, sense surroundings 1, MP-powered wands, sturdy
frame 1
a: Heroism, Renounce Religion


You were on level 1 of the Lair of Beasts.
You worshipped Okawaru.
Okawaru was pleased with you.
You were not hungry.

You visited 3 branches of the dungeon, and saw 10 of its levels.

You collected 467 gold pieces.

Inventory:

Hand Weapons
 a - a +0 long sword (weapon)
Missiles
 d - 3 throwing nets (quivered)
Armour
 b - a +0 leather armour
 c - a +0 hat (worn)
 e - a +0 pair of gloves
 g - a +2 pair of boots (worn)
 k - a +0 ring mail
 l - a +0 scale mail
 m - a +0 buckler (worn)
 q - a +0 plate armour
 t - a +4 plate armour of magic resistance (worn)
 u - a +1 cloak (worn)
 w - a +1 pair of gloves (worn)
Jewellery
 i - a +3 ring of evasion (left hand)
 p - a ring of see invisible (right hand)
 r - an amulet of magic regeneration (around neck)
 x - an uncursed ring of resist corrosion
 C - an uncursed ring of fire
Wands
 v - a wand of random effects (20)
 y - a wand of polymorph (8)
Scrolls
 h - 6 scrolls of identify
 j - 4 scrolls of amnesia
 o - 3 scrolls of remove curse
 s - 2 scrolls of teleportation
 E - 2 scrolls of fear
Potions
 n - 2 potions of cancellation
 z - a potion of brilliance
 A - a potion of invisibility
 B - a potion of degeneration
 D - a potion of haste
 G - a potion of flight
Comestibles
 f - 12 rations


   Skills:
 - Level 7.6(12.6) Fighting
 - Level 14.2(19.2) Long Blades
 - Level 2.0(7.0) Throwing
 - Level 7.0(12.0) Armour
 - Level 3.2(8.2) Dodging
 + Level 1.7(6.7) Shields
 + Level 1.4 Invocations


You had 9 spell levels left.
You didn't know any spells.
Your spell library was empty.

Dungeon Overview and Level Annotations

Branches:
Dungeon (8/15)             Temple (1/1) D:7            Lair (1/6) D:8

Altars:
Ashenzari
Dithmenos
Elyvilon
Fedhas
Gozag
Hepliaklqana
Kikubaaqudgha
Makhleb
Nemelex Xobeh
Okawaru
Qazlal
Ru
Sif Muna
Trog
Uskayaw
Wu Jian
Xom
Yredelemnul
Zin
The Shining One

Shops:
D:6 [


Innate Abilities, Weirdness & Mutations

You reflexively headbutt those who attack you in melee.
You have a pair of horns on your head.
You passively map a small area around you.
You expend magic power (3 MP) to strengthen your wands.
Your movements are slightly less encumbered by armour. (ER -2)


Message History

The komodo dragon is severely wounded.
The komodo dragon misses you. You furiously retaliate!
You headbutt the komodo dragon!
You riposte.
You completely miss the komodo dragon.
The komodo dragon is almost dead.
You hit the komodo dragon but do no damage.
The komodo dragon is almost dead.
You hit the komodo dragon but do no damage.
The komodo dragon is almost dead.
The komodo dragon bites you.
* * * LOW HITPOINT WARNING * * *
You closely miss the komodo dragon. Your headbutt misses the komodo dragon.
The komodo dragon is almost dead.
You block the komodo dragon's attack.
You closely miss the komodo dragon. You headbutt the komodo dragon.
The komodo dragon is almost dead.
You completely miss the komodo dragon.
The komodo dragon is almost dead.
The komodo dragon bites you!
You die...

*..,....... ..
* .##.#...##.
, ......... ,
.#.P.#.* * , *
* #.....# * ,
, #.....#####.
, ,
#........$..>
*
,##..<†.......
, * ,
,#....@..####
####l#### *
#..# * * ,
....# * .###.#
* , # ### **
** *** * , * ,
,


You could see a komodo dragon.

Vanquished Creatures
  A spiny frog (Lair:1)
  A hornet (D:8)
  Prince Ribbit (D:7)
  2 hippogriffs (D:8)
  A wyvern (D:8)
  2 wargs (D:8)
  2 ice beasts
  2 necrophages (D:5)
  2 orc warriors
  A sky beast (D:8)
  4 phantoms (D:8)
  6 ogres
  A centaur (D:8)
  5 bullfrogs
  A gnoll sergeant (D:8)
  2 scorpions
  6 crimson imps
  A quasit (D:6)
  A bullfrog zombie (D:7)
  A hound (D:8)
  2 jellies
  6 orc wizards
  Crazy Yiuf (D:7)
  8 orc priests
  An iguana (D:4)
  2 centaur skeletons (D:8)
  3 worker ants
  A worker ant zombie (D:7)
  5 gnolls
  12 adders
  A shadow imp (D:5)
  3 adder skeletons
  2 worms
  2 dart slugs
  5 leopard geckos
  34 orcs
  5 giant cockroaches
  7 goblins
  A hobgoblin (D:3)
  6 jackals
  11 kobolds
  5 quokkas
  A ball python (D:3)
  8 bats
  7 frilled lizards
  9 rats
191 creatures vanquished.

Notes
Turn   | Place    | Note
-------+----------+-------------------------------------------
     0 | D:1      | Curus the Minotaur Gladiator began the quest for the Orb.
     0 | D:1      | Reached XP level 1. HP: 18/18 MP: 0/0
    45 | D:1      | Reached skill level 4 in Long Blades
   146 | D:1      | Reached XP level 2. HP: 25/25 MP: 1/1
   655 | D:2      | Noticed an ogre
   665 | D:2      | Killed an ogre
   665 | D:2      | Reached skill level 6 in Long Blades
   665 | D:2      | Reached XP level 3. HP: 30/30 MP: 2/2
   665 | D:2      | Reached XP level 4. HP: 37/37 MP: 3/3
   681 | D:2      | Reached XP level 5. HP: 37/42 MP: 4/4
   686 | D:2      | Reached skill level 7 in Long Blades
   871 | D:2      | Found a shimmering altar of Xom.
   872 | D:2      | Found a hide-covered altar of Uskayaw.
   872 | D:2      | Found an ornate altar of the Wu Jian Council.
   872 | D:2      | Found a hazy altar of Hepliaklqana.
   875 | D:2      | Found a sacrificial altar of Ru.
   992 | D:2      | Gained mutation: You passively map a small area around you.
                  | [potion of mutation]
   992 | D:2      | Gained mutation: Your movements are slightly less
                  | encumbered by armour. (ER -2) [potion of mutation]
   992 | D:2      | Gained mutation: You expend magic power (3 MP) to
                  | strengthen your wands. [potion of mutation]
  1207 | D:2      | Found a glowing golden altar of the Shining One.
  1613 | D:3      | Found a faded altar of an unknown god.
  1695 | D:3      | Reached skill level 8 in Long Blades
  2125 | D:4      | Reached XP level 6. HP: 50/50 MP: 5/5
  2774 | D:4      | Reached skill level 9 in Long Blades
  2790 | D:4      | Found an opulent altar of Gozag.
  3132 | D:5      | Entered Level 5 of the Dungeon
  3307 | D:5      | Found an ancient bone altar of Kikubaaqudgha.
  3307 | D:5      | Found a white marble altar of Elyvilon.
  3396 | D:5      | Reached XP level 7. HP: 49/55 MP: 6/6
  3430 | D:5      | Reached skill level 10 in Long Blades
  3561 | D:5      | You fall into a shaft and drop 2 floors!
  3585 | D:7      | Reached skill level 11 in Long Blades
  3812 | D:6      | Found Ryloedorph's Antique Armour Shop.
  4020 | D:6      | Reached XP level 8. HP: 62/62 MP: 7/7
  4063 | D:6      | Reached skill level 12 in Long Blades
  4458 | D:7      | Noticed Prince Ribbit
  4621 | D:7      | Killed Prince Ribbit
  4621 | D:7      | Reached skill level 13 in Long Blades
  4993 | D:7      | Reached XP level 9. HP: 57/68 MP: 8/8
  5013 | D:7      | Found a runed translucent door.
  5014 | D:7      | Noticed Crazy Yiuf
  5075 | D:7      | Found a staircase to the Ecumenical Temple.
  5090 | Temple   | Entered the Ecumenical Temple
  5101 | Temple   | Became a worshipper of Warmaster Okawaru
  5200 | D:7      | Killed Crazy Yiuf
  5273 | D:8      | Reached skill level 14 in Long Blades
  5323 | D:8      | Reached skill level 1 in Armour
  5384 | D:8      | Reached * piety under Okawaru
  5634 | D:8      | Reached skill level 5 in Fighting
  5661 | D:8      | Reached skill level 5 in Armour
  5711 | D:8      | Reached ** piety under Okawaru
  5799 | D:8      | Reached XP level 10. HP: 36/84 MP: 9/9
  5919 | D:8      | Found a staircase to the Lair.
  6406 | Lair:1   | Entered Level 1 of the Lair of Beasts
  6406 | Lair:1   | Noticed a spiny frog
  6420 | Lair:1   | Killed a spiny frog
  6420 | Lair:1   | Reached skill level 1 in Shields
  6420 | Lair:1   | Reached skill level 1 in Invocations
  6429 | Lair:1   | Slain by a komodo dragon

Levels and vault maps discovered:
D:1:      eino_arrival_druids_welcome, layout_basic
D:2:      layout_basic, tso_oasis_becter, grunt_temple_overflow_open,
          minivault_19, minmay_vboxes
D:3:      layout_basic, chequers_ecumenical_altar_simple_redux, st_stairs_8
D:4:      layout_basic, nicolae_gozag_seed_capital
D:5:      layout_basic, gammafunk_temple_overflow_statue, first_ration
D:6:      layout_rooms, serial_shops, nicolae_shop_stone
D:7:      layout_loops_cross, minmay_temple_entry_poolview,
          uniq_crazy_yiuf_cottage, uniq_prince_ribbit1
D:8:      cheibrodos_ideogram_h, layout_basic, erik_lair_orcish_takeover,
          serial_glass, glass_columns_a, glass_columns_b, due_unseen_surprise,
          item_on_display_a, feat_on_display
Temple:   cyrus_circular_temple
Lair:1:   layout_loops_ring, basic_altar

Skill      XL: |  1  2  3  4  5  6  7  8  9 10 |
---------------+-------------------------------+-----
Long Blades    | 4 6 8 9 11 13 14 | 14.2
Fighting       | 6 7 |  7.6
Armour         | 6 7 |  7.0
Shields        | 1 |  1.7
Invocations    | 1 |  1.4
Throwing       | |  2.0
Dodging        | |  3.2

Action                   |  1- 3 |  4- 6 |  7- 9 | 10-12 || total
-------------------------+-------+-------+-------+-------++-------
Melee: Long sword        |    29 |   196 |   299 |    89 ||   613
       Headbutt          |     9 |    37 |    59 |    16 ||   121
Invok: Heroism           |       |       |     1 |     2 ||     3
  Use: Potion            |     4 |     5 |     3 |       ||    12
       Scroll            |     3 |     4 |     2 |     3 ||    12
 Stab: Sleeping          |       |     1 |       |       ||     1
  Eat: Ration            |       |     1 |     1 |       ||     2
       Chunk             |       |     4 |     5 |     2 ||    11
Armor: Leather armour    |    10 |     7 |       |       ||    17
       Ring mail         |       |    11 |       |       ||    11
       Scale mail        |       |    32 |     5 |       ||    37
       Plate armour      |       |       |   128 |    28 ||   156
Dodge: Dodged            |    16 |   150 |   106 |    37 ||   309
Block: Buckler           |       |    18 |    41 |     9 ||    68
       Rpst.: Long sword |     4 |    38 |    31 |    13 ||    86
